 Dungeon Crawl Stone Soup version 0.26-a0-665-gefeb406119 (webtiles) character file.

Game seed: 10750794248837428736

487 somkeydreadnuts the Chopper (level 6, -4/57 HPs)
             Began as a Deep Dwarf Fighter on Oct 15, 2020.
             Succumbed to a hornet's poison
             ... on level 4 of the Dungeon.
             The game lasted 00:14:07 (2193 turns).

somkeydreadnuts the Chopper (Deep Dwarf Fighter)    Turns: 2193, Time: 00:14:08

Health: -4/57      AC: 10    Str: 19 (21) XL:     6   Next: 89%
Magic:  5/5        EV:  6    Int:  6 (9)  God:
Gold:   88         SH:  9    Dex: 11 (12) Spells: 5/5 levels left

rFire    . . .     SeeInvis .   a - +0 war axe
rCold    . . .     Faith    .   c - +0 kite shield
rNeg     . . .     Spirit   .   s - +0 chain mail
rPois    .         Reflect  .   i - +0 helmet
rElec    .         Harm     .   (no cloak)
rCorr    .         Rampage  .   (no gloves)
MR       .....                  (no boots)
Stlth    ..........             (no amulet)
HPRegen  0.00/turn              B - ring of wizardry
MPRegen  0.09/turn              (no ring)

@: lethally poisoned (-4 -> -24), non-regenerating, slowed, very slow
A: damage resistance, heal wounds, sense surroundings 1, no regeneration
a: Heal Wounds


You were on level 4 of the Dungeon.
You visited 1 branch of the dungeon, and saw 4 of its levels.

You collected 208 gold pieces.
You spent 120 gold pieces at shops.

Inventory:

Hand Weapons
 a - a +0 war axe (weapon)
 x - a +0 war axe
Missiles
 e - 37 poisoned darts (quivered)
 j - 115 arrows
Armour
 c - a +0 kite shield (worn)
 i - a +0 helmet (worn)
 r - a +1 leather armour of fire resistance
 s - a +0 chain mail (worn)
Jewellery
 B - a ring of wizardry (left hand)
Wands
 m - a wand of random effects (16)
Scrolls
 f - 5 scrolls of identify {unknown}
 w - a scroll of teleportation {unknown}
 y - 2 scrolls of enchant weapon {unknown}
Potions
 d - 2 potions of might
 q - a potion of lignification {unknown}
 v - a potion of cancellation
 C - a potion of heal wounds


   Skills:
 + Level 3.8 Fighting
 + Level 5.4 Axes
 + Level 4.7 Armour
 + Level 1.2 Dodging
 + Level 0.3 Stealth
 + Level 4.7 Shields


You had 5 spell levels left.
You didn't know any spells.
Your spell library was empty.

Dungeon Overview and Level Annotations

Branches:
Dungeon (4/15)             Temple (0/1) D:4

Altars:

Shops:
D:4 *


Innate Abilities, Weirdness & Mutations

You are resistant to damage.
You can heal yourself by infusing magical energy.
You passively map a small area around you.
You do not regenerate.


Message History

You feel as though you will be slow longer.
An orc comes into view. It is wielding a +0 hand axe.
The hornet completely misses you. The orc priest hits you with a +0 mace.
* * * LOW HITPOINT WARNING * * *
You can move again.
You feel much better.
You feel very sick.
The orc shouts!
The hornet stings you.
* * * LOW HITPOINT WARNING * * *
You are lethally poisoned!
You feel as though you will be slow longer.
The hornet stings you!
* * * LOW HITPOINT WARNING * * *
You feel as though you will be slow longer.
The orc priest looks encouraged for a moment.
You completely miss the orc priest.
The orc priest is moderately wounded.
You miss the hornet.
You die...

*,**,*********,**,***,***,,*
*,,,,,,,,,,.....,..,,,* *,,*
*,,,,,,,,,,,....#.#**,* *,,*
*,**,*******#...#.##*,* *,,*
*,**,* #...#o.#*,# *,,*
,,**,* **#...#..##.##*,,*
*,**,* #,#...#......#*,,*
*,**,****##.#..yo..##.?##,,*
,,,,,,,,,.......@........,,*
*,***,,,,................,,*
*,* ****,.......#...#..##*,*
,,******,................,,*
,,,,,,,,,##.#.#.#.......#***
*,******,##.#.#.#...##..#
*,***,,,,...........#*,.#
,,,,****,##....##...#*,,#
*,*** *,,+.....#...#*,,*


You could see a hornet, an orc priest and an orc.

Vanquished Creatures
  Sigmund (D:2)
  Jessica (D:3)
  Natasha (thrice) (D:3)
  An iguana (D:4)
  2 orc wizards
  Robin (D:3)
  3 gnolls (D:3)
  2 adders
  2 worms
  A dart slug (D:1)
  2 leopard geckos
  11 orcs
  4 bats
  4 giant cockroaches
  15 goblins
  7 hobgoblins
  6 kobolds
  3 quokkas
  A ball python (D:1)
  3 frilled lizards (D:3)
  A leopard gecko skeleton (D:4)
  5 rats
79 creatures vanquished.

Notes
Turn   | Place    | Note
-------+----------+-------------------------------------------
     0 | D:1      | somkeydreadnuts the Deep Dwarf Fighter began the quest for
                  | the Orb.
     0 | D:1      | Reached XP level 1. HP: 20/20 MP: 1/1
   137 | D:1      | Reached XP level 2. HP: 22/27 MP: 2/2
   721 | D:2      | Noticed Sigmund
   722 | D:2      | You fall into a shaft and drop 1 floor!
   728 | D:3      | Noticed Natasha
   734 | D:3      | Reached XP level 3. HP: 22/34 MP: 3/3
   738 | D:3      | Killed Natasha
   746 | D:3      | Reached XP level 4. HP: 24/42 MP: 4/4
   757 | D:3      | Noticed Jessica
   758 | D:3      | Noticed Natasha
   766 | D:3      | Killed Jessica
   766 | D:3      | Reached skill level 3 in Axes
   766 | D:3      | Killed Natasha
   884 | D:3      | Reached skill level 1 in Dodging
   936 | D:3      | Reached XP level 5. HP: 17/49 MP: 5/5
   956 | D:3      | Noticed Robin
   978 | D:3      | Killed Robin
  1040 | D:3      | Noticed Natasha
  1054 | D:3      | Killed Natasha
  1185 | D:3      | Reached skill level 4 in Axes
  1904 | D:2      | Killed Sigmund
  1904 | D:2      | Reached skill level 5 in Axes
  1904 | D:2      | Reached XP level 6. HP: 14/57 MP: 6/6
  2114 | D:4      | Found Koary's Assorted Antiques.
  2120 | D:4      | Bought a potion of heal wounds for 120 gold pieces
  2180 | D:4      | Noticed a hornet
  2190 | D:4      | Paralysed by a hornet for 3 turns
  2191 | D:4      | HP: 2/57 [orc priest/+0 mace (1)]
  2193 | D:4      | Succumbed to a hornet's poison

Illustrated notes

Levels and vault maps discovered:
D:1:      psy_arrival_spokes, layout_basic
D:2:      layout_basic, uniq_sigmund
D:3:      layout_rooms, st_stairs_10, uniq_robin, uniq_natasha, uniq_jessica
D:4:      layout_basic, tgw_sif, minmay_temple_entry_sparse_star, serial_shops,
          nicolae_shop_crystal

Skill      XL: |  1  2  3  4  5 |
---------------+----------------+-----
Fighting       | 3 |  3.8
Armour         | 4 |  4.7
Axes           | 3 5 |  5.4
Shields        | 4 |  4.7
Dodging        | 1 |  1.2
Stealth        | |  0.3

Action                   |  1- 3 |  4- 6 || total
-------------------------+-------+-------++-------
Melee: War axe           |    59 |   189 ||   248
 Abil: Heal Wounds       |       |     4 ||     4
  Use: Potion            |       |    10 ||    10
       Scroll            |       |     4 ||     4
Armor: Scale mail        |    18 |    29 ||    47
       Chain mail        |       |    40 ||    40
Dodge: Dodged            |    23 |    51 ||    74
Block: Kite shield       |    29 |    94 ||   123

Table legend: (Time is in decaauts)
 A = Elapsed time spent in this place.
 B = Non-inter-level travel time spent in this place.
 C = Inter-level travel time spent in this place.
 D = Time resting spent in this place.
 E = Time spent auto-exploring this place.
 F = Levels seen in this place.
 G = Mean time per level.
                   A        B        C        D        E       F      G
               +--------+--------+--------+--------+--------+-----+--------+
         Total |   2294 |   2289 |      5 |      0 |   1315 |   4 |  573.5 |
       Dungeon |   2294 |   2289 |      5 |      0 |   1315 |   4 |  573.5 |
               +--------+--------+--------+--------+--------+-----+--------+

Top non-repeatable levels by time:
     D:1: 721 daAuts
     D:2: 718 daAuts
     D:3: 688 daAuts
     D:4: 166 daAuts
